 Dungeon Sprint DCSS version 0.30-a0-782-ge64f9170bb (webtiles) character file.

Game seed: 12328910830986405782

21168 nuthulu the Warrior (level 12, -13/133 HPs)
             Began as a Naga Fighter on Feb 23, 2023.
             Was the Champion of Cheibriados.
             Killed from afar by a storm dragon (33 damage)
             ... with a bolt of lightning
             ... in the Dungeon (Sprint V: "Ziggurat Sprint").
             The game lasted 00:04:34 (986 turns).

nuthulu the Warrior (Naga Fighter)                   Turns: 986, Time: 00:04:35

Health: -13/133    AC: 27    Str: 48    XL:     12   Next: 87%
Magic:  17/32      EV:  6    Int: 25    God:    Cheibriados [******]
Gold:   0          SH: 33    Dex: 25    Spells: 11/11 levels left

rFire   + . .      SeeInvis +    B - +16 obsidian axe {drain, demonic, Mesm Drain Fly SInv}
rCold   + . .      Faith    .    D - +18 shield of the Gong {Loud rN+ Will+ rCorr EV-5}
rNeg    + . .      Spirit   .    F - +9 scales of the Dragon King {rPois rF+ rC+ Will+}
rPois   +          Reflect  .    (no helmet)
rElec   .          Harm     .    (no cloak)
rCorr   +          Rampage  .    O - +0 pair of gloves {hurl}
Will    +++..      NoTele   +    (no barding) Stlth
                                 J - amulet of magic regeneration
HPRegen 0.42/turn                A - +6 ring of strength
MPRegen 0.63/turn                n - ring "Zoleg" {Wiz MP+9 Str+4 SInv}

@: flying, mesmerised, very slow
A: AC +4, large, see invisible, deformed body, poison resistance, slowness 2,
spit poison 1, naga tail 1
a: Spit Poison, Renounce Religion, Bend Time, Temporal Distortion, Slouch, Step
From Time


You were in the Dungeon.
You worshipped Cheibriados.
Cheibriados was exalted by your worship.
You visited 1 branch

Inventory:

Hand Weapons
 a - a +0 war axe
 B - the +16 obsidian axe (weapon) {drain, demonic, Mesm Drain Fly SInv}
   (You found it in the Dungeon)

   Mesm:      Its wielder is mesmerised by any visible foes, and it cannot be
   unequipped while any foes are visible.
   SInv:      It lets you see invisible.
   Fly:       It grants you flight.
   Drain:     It drains your maximum health when unequipped.
Armour
 b - a +0 scale mail
 c - a +0 buckler
 C - the +15 Maxwell's patent armour {-Cast -Tele rElec Will+ rCorr}
   (You found it in the Dungeon)

   rElec:     It insulates you from electricity.
   -Cast:     It prevents spellcasting.
   -Tele:     It prevents most forms of teleportation.
   rCorr:     It protects you from acid and corrosion.
   Will:      It increases your willpower.
 D - the +18 shield of the Gong (worn) {Loud rN+ Will+ rCorr EV-5}
   (You found it in the Dungeon)

   Loud:      It is deafeningly noisy when blocking attacks.
   EV:        It affects your evasion (-5).
   rN:        It protects you from negative energy.
   rCorr:     It protects you from acid and corrosion.
   Will:      It increases your willpower.
 F - the +9 scales of the Dragon King (worn) {rPois rF+ rC+ Will+}
   (You found it in the Dungeon)

   rF:        It protects you from fire.
   rC:        It protects you from cold.
   rPois:     It protects you from poison.
   Will:      It increases your willpower.
 O - a +0 pair of gloves of hurling (worn)
Jewellery
 n - the ring "Zoleg" (right hand) {Wiz MP+9 Str+4 SInv}
   (You found it in the Dungeon)

   [ring of wizardry]

   It improves your spell success rate.
   Str:       It affects your strength (+4).
   MP:        It affects your magic capacity (+9).
   SInv:      It lets you see invisible.
 u - a ring of flight
 v - a +6 ring of dexterity
 w - a +6 ring of dexterity
 x - a +6 ring of intelligence
 y - a +6 ring of intelligence
 z - a +6 ring of strength
 A - a +6 ring of strength (left hand)
 E - an amulet of guardian spirit
 H - a +4 ring of protection
 I - a ring of willpower
 J - an amulet of magic regeneration (around neck)
 K - the amulet "Zoec" {RegenMP Will+ Str+3 Int+3}
   (You found it in the Dungeon)

   [amulet of magic regeneration]

   It increases your rate of magic regeneration.
   Str:       It affects your strength (+3).
   Int:       It affects your intelligence (+3).
   Will:      It increases your willpower.
 L - a +6 ring of dexterity
 M - the ring of Grontol {rElec rC- rN+ EV+5 SInv}
   (You found it in the Dungeon)

   [ring of evasion]

   EV:        It affects your evasion (+5).
   rC:        It makes you vulnerable to cold.
   rElec:     It insulates you from electricity.
   rN:        It protects you from negative energy.
   SInv:      It lets you see invisible.
 N - a +6 ring of strength
Wands
 s - a wand of mindburst (7)
 t - a wand of acid (7)
Scrolls
 j - 4 scrolls of blinking
 o - 4 scrolls of amnesia
 p - 7 scrolls of fog
 q - 5 scrolls of identify
 r - 2 scrolls of fear
 G - a scroll of brand weapon
Potions
 d - 5 potions of might
 e - 10 potions of curing
 f - 8 potions of heal wounds
 g - 6 potions of haste
 h - 7 potions of magic
 i - 3 potions of berserk rage
 k - 2 potions of brilliance
 l - 2 potions of invisibility
 m - 4 potions of resistance


   Skills:
 + Level 15.9 Fighting
 + Level 14.2 Axes
 + Level 12.1 Armour
 + Level 8.6 Dodging
 + Level 13.2 Shields
 + Level 15.0 Invocations


You had 11 spell levels left.
You didn't know any spells.
Your spell library contained the following spells:

 Spells                   Type           Power      Damage    Failure   Level
 Apportation              Tloc           0%         N/A       52%         1
 Dazzling Flash           Conj/Hex       0%         N/A       86%         3
 Summon Guardian Golem    Hex/Summ       0%         N/A       86%         3
 Airstrike                Air            0%         2d(0-16)  99%         4
 Summon Lightning Spire   Summ/Air       0%         N/A       99%         4
 Agony                    Necr           0%         N/A       100%        5
 Alistair's Intoxication  Tmut/Pois      0%         N/A       100%        5
 Lightning Bolt           Conj/Air       0%         1d11      100%        5
 Silence                  Hex/Air        0%         N/A       100%        5
 Summon Forest            Summ/Tloc      0%         N/A       100%        5
 Summon Mana Viper        Hex/Summ       0%         N/A       100%        5
 Summon Cactus Giant      Summ           0%         N/A       100%        6
 Orb of Destruction       Conj           0%         9d5       100%        7
 Spellforged Servitor     Conj/Summ      0%         N/A       100%        7


Dungeon Overview and Level Annotations

Branches:
Dungeon (1/1)

Altars:
Ashenzari
Cheibriados
Dithmenos
Elyvilon
Fedhas
Gozag
Hepliaklqana
Kikubaaqudgha
Makhleb
Nemelex Xobeh
Okawaru
Qazlal
Ru
Sif Muna
Trog
Uskayaw
Vehumet
Wu Jian
Xom
Yredelemnul
Zin
The Shining One
Jiyva
Lugonu


Innate Abilities, Weirdness & Mutations

Your serpentine skin is tough. (AC +4)
You have supernaturally acute eyesight. (SInv)
Armour fits poorly on your strangely shaped body.
Your system is resistant to poisons. (rPois)
You cover ground very slowly.
You can spit poison.
You have a snake-like lower body.


Message History

Cheibriados thoroughly appreciates the change of pace.
You kill the spriggan air mage!
Cheibriados thoroughly appreciates the change of pace.
You kill the wind drake!
Cheibriados thoroughly appreciates the change of pace.
You kill the wind drake!
Cheibriados thoroughly appreciates the change of pace.
You kill the wind drake!
Cheibriados thoroughly appreciates the change of pace.
Visions of slaying the storm dragon flood into your mind.
The storm dragon breathes lightning at you.
The bolt of lightning hits you. x2
The storm dragon breathes lightning at you.
The bolt of lightning hits the storm dragon.
The storm dragon completely resists.
The bolt of lightning hits you!!
* * * LOW HITPOINT WARNING * * *
Your Axes skill increases to level 14!
Your Armour skill increases to level 12!
Your Shields skill increases to level 13!
Your Invocations skill increases to level 15!
Unknown command.
Unknown command.
Unknown command.
Activating: Slouch (0% risk of failure)
Press: ? - help, Dir - look around, f - activate You can feel time thicken for a moment.
You are no longer entranced.
You kill the storm dragon!
Cheibriados thoroughly appreciates the change of pace.
The storm dragon scales are intact enough to wear.
You kill the storm dragon!
Cheibriados thoroughly appreciates the change of pace.
The storm dragon scales are intact enough to wear.
You kill the storm dragon!
Cheibriados thoroughly appreciates the change of pace.
The storm dragon scales are intact enough to wear.
Visions of slaying the storm dragon flood into your mind.
The storm dragon breathes lightning at you.
The bolt of lightning hits you!!
You die...

▓▓▓▓▓▓▓▓▓▓▓
▓...))=![...▓...8©8...▓
▓....[......▓..}|..|..▓
▓...........▓...}|....▓
...†.[[..†.▓.........▓
....[.... ▓.........▓
▓.D[..▓ ▓.........▓
▓▓.[.▓▓ ▓.........▓
▓..▓..@..▓..▓.▓.....▓.▓
▓.....©.....▓....©....▓
▓▓▓▓▓▓▓▓▓▓▓▓▓▓▓▓▓▓▓▓▓▓▓
▓...8©8...▓...8©8...▓..
▓..)}}|.}.▓...[[)...▓..
▓..[}.|)..▓..))}[†..▓..
▓.........▓........†▓..
▓...)))...▓...††....▓..
▓.)))).)).▓.........▓..


You could see a storm dragon (mesmerising, catching breath).

Vanquished Creatures
  3 storm dragons (D)
  A draconian scorcher (D)
  A black draconian (D)
  4 green draconians (D)
  A purple draconian (D)
  2 white draconians (D)
  2 red draconians (D)
  3 spriggan air magi (D)
  A dancing weapon (D)
  A deep elf knight (D)
  A skyshark (D)
  3 deep elf archers (D)
  2 deep elf pyromancers (D)
  A deep elf zephyrmancer (D)
  An oklob plant (D)
  An elephant (D)
  A komodo dragon (D)
  3 merfolk (D)
  3 wind drakes (D)
  2 hornets (D)
  A dream sheep (D)
  2 blink frogs (D)
  A slime creature (D)
  2 spriggans (D)
  2 air elementals (D)
  2 yaks (D)
  6 orc warriors (D)
  4 floating eyes (D)
  2 black bears (D)
  2 wolves (D)
  2 bullfrogs (D)
  2 necrophages (D)
  3 jellies (D)
  3 orc priests (D)
  2 orc wizards (D)
  2 river rats (D)
  3 orcs (D)
  An endoplasm (D)
79 creatures vanquished.

Vanquished Creatures (collateral kills)
  2 eyes of devastation (D)
  A merfolk (D)
  A jelly (D)
  2 orc priests (D)
  An orc wizard (D)
  An orc (D)
8 creatures vanquished.

Vanquished Creatures (others)
  A deep elf knight (D)
1 creature vanquished.

Grand Total: 88 creatures vanquished

Notes
Turn   | Place    | Note
-------+----------+-------------------------------------------
     0 | D        | nuthulu the Naga Fighter began the quest for the Orb.
     0 | D        | Reached XP level 1. HP: 21/21 MP: 1/1
     0 | D        | Found a shimmering blue altar of Sif Muna.
     0 | D        | Found a sacrificial altar of Ru.
     0 | D        | Found a bloodstained altar of Trog.
     0 | D        | Found a stormy altar of Qazlal.
     0 | D        | Found an iron altar of Okawaru.
     0 | D        | Found a sparkling altar of Nemelex Xobeh.
     0 | D        | Found a blossoming altar of Fedhas.
     0 | D        | Found the +6 Majin-Bo {spellvamp, MP+6 Int+6}
     0 | D        | Found the +27 heavy crossbow "Sniper" {heavy, Acc+∞ SInv}
     0 | D        | Found the +10 dark maul {heavy}
     0 | D        | Found the +15 Maxwell's patent armour {-Cast -Tele rElec
                  | Will+ rCorr}
     0 | D        | Found the +18 shield of the Gong {Loud rN+ Will+ rCorr
                  | EV-5}
     0 | D        | Found the +16 obsidian axe {drain, demonic, Mesm Drain Fly
                  | SInv}
     0 | D        | Found the +7 great mace "Firestarter" {flame, inner flame,
                  | rFlCloud rF++}
     0 | D        | Found the +6 shillelagh "Devastator" {shatter}
     0 | D        | Found the +11 plutonium sword {Contam Stlth-}
     0 | D        | Found the +8 lance "Wyrmbane" {slay drac, rPois rF+ rC+
                  | AC+3}
     0 | D        | Found the +9 sword of Zonguldrok {reap}
     0 | D        | Found the +13 scythe of Curses {drain, curses, Drain}
     0 | D        | Found the +9 sword of Power {lifebolt}
     0 | D        | Found the +7 mace of Variability {chaos, chain chaos}
     0 | D        | Found the +11 Singing Sword {sonic wave}
     0 | D        | Found the +8 storm bow {elec, penet}
     2 | D        | Found an ancient bone altar of Kikubaaqudgha.
     2 | D        | Found a transporter.
     2 | D        | Found a corrupted altar of Lugonu.
     2 | D        | Found a viscous altar of Jiyva.
     2 | D        | Found a burning altar of Makhleb.
     2 | D        | Found a hazy altar of Hepliaklqana.
     2 | D        | Found an opulent altar of Gozag.
    53 | D        | Became a worshipper of Cheibriados the Contemplative
    61 | D        | Reached XP level 2. HP: 38/38 MP: 2/2
   128 | D        | Entered arena 2.
   128 | D        | Noticed a necrophage
   128 | D        | Noticed a necrophage
   128 | D        | Found a transporter.
   131 | D        | Killed a necrophage
   132 | D        | Reached XP level 3. HP: 45/45 MP: 2/4
   132 | D        | Reached XP level 4. HP: 54/54 MP: 2/5
   135 | D        | Killed a necrophage
   135 | D        | Reached * piety under Cheibriados
   136 | D        | Reached XP level 5. HP: 61/61 MP: 2/7
   180 | D        | Entered arena 3.
   180 | D        | Found the +8 arc blade {discharge, rElec}
   180 | D        | Found the +8 Vampire's Tooth {megavamp}
   180 | D        | Noticed a yak
   180 | D        | Found a transporter.
   182 | D        | Reached ** piety under Cheibriados
   184 | D        | Killed a yak
   185 | D        | Reached skill level 5 in Axes
   185 | D        | Reached skill level 5 in Shields
   185 | D        | Reached skill level 5 in Invocations
   185 | D        | Reached XP level 6. HP: 69/70 MP: 7/9
   192 | D        | Entered arena 4.
   192 | D        | Found the +3 pair of mountain boots {steadfast, rC+}
   192 | D        | Noticed a slime creature
   192 | D        | Noticed a floating eye
   192 | D        | Found a transporter.
   194 | D        | Killed a floating eye
   194 | D        | Reached *** piety under Cheibriados
   195 | D        | Reached skill level 5 in Armour
   196 | D        | Killed a slime creature
   196 | D        | Reached **** piety under Cheibriados
   197 | D        | Reached skill level 10 in Fighting
   197 | D        | Reached XP level 7. HP: 78/79 MP: 9/12
   210 | D        | Entered arena 5.
   210 | D        | Noticed a merfolk
   210 | D        | Noticed a merfolk
   210 | D        | Noticed a merfolk
   210 | D        | Noticed a merfolk
   210 | D        | Found a transporter.
   211 | D        | Killed a merfolk
   221 | D        | Killed a merfolk
   222 | D        | Reached XP level 8. HP: 67/88 MP: 13/13
   226 | D        | Killed a merfolk
   226 | D        | Reached ***** piety under Cheibriados
   226 | D        | Killed a merfolk
   311 | D        | Entered arena 6.
   311 | D        | Found a transporter.
   318 | D        | Got the ring "Zoleg" {Wiz MP+9 Str+4 SInv}
   373 | D        | Entered arena 7.
   373 | D        | Noticed a spriggan rider
   373 | D        | Noticed a spriggan rider
   374 | D        | Found a transporter.
   375 | D        | Killed a hornet
   375 | D        | Reached ****** piety under Cheibriados
   375 | D        | Killed a hornet
   376 | D        | Reached XP level 9. HP: 98/98 MP: 16/16
   378 | D        | Reached skill level 10 in Invocations
   400 | D        | Entered arena 8.
   401 | D        | Found a transporter.
   413 | D        | Entered arena 9.
   413 | D        | Found the +9 scales of the Dragon King {rPois rF+ rC+
                  | Will+}
   414 | D        | Found a transporter.
   424 | D        | Reached skill level 10 in Axes
   424 | D        | Reached XP level 10. HP: 103/108 MP: 17/17
   476 | D        | Entered arena 10.
   476 | D        | Noticed an eye of devastation
   476 | D        | Noticed an eye of devastation
   478 | D        | Reached skill level 1 in Dodging
   478 | D        | Found a transporter.
   479 | D        | Killed an eye of devastation
   481 | D        | Killed an eye of devastation
   605 | D        | Entered arena 11.
   605 | D        | Found the +4 Cigotuvi's embrace {Corpsefed rMiasma Drain
                  | rN+}
   605 | D        | Noticed a +2 battleaxe of electrocution
   605 | D        | Noticed a deep elf archer
   605 | D        | Noticed a deep elf archer
   605 | D        | Noticed a deep elf pyromancer
   605 | D        | Noticed a deep elf pyromancer
   605 | D        | Noticed a deep elf archer
   605 | D        | Noticed a deep elf knight
   605 | D        | Noticed a deep elf zephyrmancer
   605 | D        | Noticed a deep elf knight
   606 | D        | Killed a +2 battleaxe of electrocution
   606 | D        | Killed a deep elf knight
   607 | D        | Reached skill level 10 in Shields
   607 | D        | Killed a deep elf knight
   607 | D        | Killed a deep elf archer
   607 | D        | Killed a deep elf archer
   607 | D        | Killed a deep elf zephyrmancer
   607 | D        | Killed a deep elf pyromancer
   608 | D        | Reached XP level 11. HP: 106/118 MP: 17/20
   608 | D        | Found a transporter.
   609 | D        | Killed a deep elf pyromancer
   609 | D        | Killed a deep elf archer
   610 | D        | Reached skill level 10 in Armour
   610 | D        | Reached skill level 5 in Dodging
   774 | D        | Entered arena 12.
   774 | D        | Noticed an oklob plant
   777 | D        | Noticed a skyshark
   778 | D        | Found a transporter.
   782 | D        | Killed a skyshark
   787 | D        | Killed an oklob plant
   791 | D        | Got the amulet "Zoec" {RegenMP Will+ Str+3 Int+3}
   798 | D        | Got the ring of Grontol {rElec rC- rN+ EV+5 SInv}
   802 | D        | Entered arena 13.
   802 | D        | Noticed a white draconian
   802 | D        | Noticed a purple draconian
   802 | D        | Noticed a green draconian
   802 | D        | Noticed a red draconian
   802 | D        | Noticed a red draconian
   802 | D        | Noticed a green draconian
   802 | D        | Noticed a white draconian
   802 | D        | Noticed a green draconian
   802 | D        | Noticed a green draconian
   802 | D        | Noticed a black draconian
   803 | D        | Noticed a red draconian scorcher
   806 | D        | Killed a green draconian
   806 | D        | Killed a purple draconian
   806 | D        | Killed a red draconian
   806 | D        | Killed a green draconian
   806 | D        | Killed a white draconian
   806 | D        | Killed a green draconian
   806 | D        | Killed a red draconian scorcher
   806 | D        | Killed a green draconian
   806 | D        | Killed a white draconian
   807 | D        | Reached skill level 15 in Fighting
   807 | D        | Reached XP level 12. HP: 99/132 MP: 12/22
   808 | D        | Found a transporter.
   809 | D        | Killed a red draconian
   811 | D        | Killed a black draconian
   981 | D        | Entered arena 14.
   982 | D        | Noticed a storm dragon
   982 | D        | Noticed a spriggan air mage
   982 | D        | Noticed a storm dragon
   982 | D        | Noticed a spriggan air mage
   982 | D        | Paralysed by an air elemental for 1 turns
   982 | D        | Noticed a spriggan air mage
   982 | D        | Noticed a storm dragon
   983 | D        | Noticed a storm dragon
   984 | D        | Killed a spriggan air mage
   985 | D        | Killed a spriggan air mage
   985 | D        | Killed a spriggan air mage
   986 | D        | Reached skill level 15 in Invocations
   986 | D        | Killed a storm dragon
   986 | D        | Killed a storm dragon
   986 | D        | Killed a storm dragon
   986 | D        | Killed from afar by a storm dragon

Illustrated notes

Levels and vault maps discovered:
D:        sprint_v [room_start, room_1, room_2, room_3, room_4, room_5, room_6,
          room_7, room_8, room_9, room_10, room_11, room_12, room_13, room_14,
          room_15, room_16, room_17, room_18, room_19, room_20, room_21,
          room_22, room_23, room_24, room_25, room_26, room_27]

Skill      XL: |  1  2  3  4  5  6  7  8  9 10 11 12 |
---------------+-------------------------------------+-----
Fighting       | 8 9 10 12 13 15 | 15.9
Axes           | 3 5 6 7 9 10 11 13 14 | 14.2
Armour         | 3 4 5 6 7 8 9 11 12 | 12.1
Shields        | 3 4 5 6 7 8 9 10 12 13 | 13.2
Invocations    | 2 3 5 6 7 9 10 12 14 15 | 15.0
Dodging        | 4 7 8 |  8.6

Action                     |  1- 3 |  4- 6 |  7- 9 | 10-12 || total
---------------------------+-------+-------+-------+-------++-------
  Melee: Broad axe         |     2 |     9 |    20 |    10 ||    41
 Invoke: Slouch            |       |       |     2 |    13 ||    15
    Use: Potion            |     2 |       |     2 |       ||     4
 Armour: Plate armour      |     1 |     3 |    20 |       ||    24
         Gold dragon scale |       |       |       |     8 ||     8
  Block: Kite shield       |     3 |    10 |    57 |    31 ||   101

Table legend: (Time is in decaauts)
 A = Elapsed time spent in this place.
 B = Non-inter-level travel time spent in this place.
 C = Inter-level travel time spent in this place.
 D = Time resting spent in this place.
 E = Time spent auto-exploring this place.
 F = Levels seen in this place.
 G = Mean time per level.
                   A        B        C        D        E       F      G
               +--------+--------+--------+--------+--------+-----+--------+
         Total |   1200 |   1200 |      0 |    701 |      0 |   1 | 1200.0 |
       Dungeon |   1200 |   1200 |      0 |    701 |      0 |   1 | 1200.0 |
               +--------+--------+--------+--------+--------+-----+--------+

Top non-repeatable levels by time:
       D: 1200 daAuts
